Map: [ESL] Inside and Out

Players

Gerald - Winner!

  • Race: Protoss Protoss
  • Spawn Location: 1:00

Bly

  • Race: Zerg Zerg
  • Spawn Location: 7:00

Event: DreamHack SC2 Masters 2022 Atlanta (Online)

VOD

Have the link to the VOD?

Description

Time

  • Played on: Oct. 7, 2022, 2:06 p.m.
  • Length: 12:30

All games in this series

Show
View Real Time Build Order
Export as new Build Order

Gerald Protoss - Winner!

Build Orders: 1 Gate Expand, Zealot Archon 

Get SALT Encoding   

  12  0:00  Probe  
  13  0:12  Probe  
  14  0:19  Pylon  
  14  0:24  Probe  
  15  0:37  Probe (Chrono Boost)  
  15  0:40  Gateway  
  16  0:47  Probe (Chrono Boost)  
  16  0:49  Assimilator  
  17  0:52  Probe (Chrono Boost)  
  18  1:04  Probe  
  19  1:16  Probe  
  20  1:27  Nexus  
  20  1:31  Probe  
  21  1:41  Cybernetics Core  
  21  1:46  Probe  
  22  1:51  Assimilator  
  22  1:57  Pylon  
  22  2:01  Probe  
  23  2:15  Adept (Chrono Boost), Probe  
  26  2:24  Warp Gate  
  26  2:27  Probe  
  27  2:36  Adept (Chrono Boost)  
  27  2:39  Probe x2  
  31  2:49  Twilight Council  
  31  2:51  Probe  
  31  2:52  Probe  
  33  3:01  Stalker  
  33  3:03  Probe  
  36  3:09  Probe  
  37  3:16  Probe  
  37  3:20  Gateway  
  37  3:25  Probe  
  38  3:32  Probe  
  39  3:38  Probe  
  40  3:44  Robotics Facility, Probe  
  41  3:50  Adept, Probe  
  44  3:56  Probe  
  44  4:02  Probe  
  46  4:06  Dark Shrine  
  46  4:14  Pylon  
  46  4:16  Probe x2  
  46  4:23  Assimilator  
  46  4:25  Assimilator  
  46  4:31  Warp Prism (Chrono Boost)  
  46  4:32  Probe x2  
  46  4:36  Gateway  
  46  4:37  Gateway  
  50  4:41  Pylon  
  50  4:44  Adept  
  53  4:46  Pylon  
  53  4:47  Adept  
  54  4:59  Probe x2  
  56  5:03  Pylon  
  56  5:12  Probe x2  
  56  5:13  Stalker x2  
  62  5:21  Pylon  
  62  5:24  Probe x2  
  60  5:36  Probe x2  
  60  5:39  Blink (Chrono Boost)  
  60  5:42  Robotics Bay  
  58  5:48  Probe x2  
  60  5:52  Forge  
  60  5:54  Dark Templar, Pylon  
  60  5:55  Dark Templar x3  
  68  6:00  Shield Battery, Probe  
  69  6:15  Nexus  
  69  6:18  Pylon  
  69  6:21  Gravitic Drive  
  69  6:22  Probe x2  
  69  6:24  Protoss Ground Weapons Level 1  
  71  6:27  Observer (Chrono Boost)  
  71  6:32  Archon x2  
  72  6:34  Probe, Stalker  
  72  6:38  Shield Battery  
  72  6:39  Stalker  
  77  6:41  Disruptor (Chrono Boost)  
  80  6:49  Probe  
  80  6:52  Gateway  
  80  6:53  Gateway  
  81  6:57  Probe  
  82  7:02  Stalker  
  82  7:03  Stalker  
  86  7:09  Stalker  
  86  7:10  Stalker  
  90  7:17  Disruptor (Chrono Boost)  
  90  7:18  Probe  
  90  7:20  Probe  
  95  7:30  Probe  
  95  7:33  Probe  
  95  7:34  Stalker x3  
  103  7:37  Photon Cannon  
  103  7:42  Photon Cannon  
  104  7:46  Pylon  
  104  7:47  Stalker  
  105  7:58  Stalker x4  
  109  8:03  Dark Templar  
  115  8:07  Probe  
  115  8:09  Probe  
  115  8:11  Probe, Stalker  
  119  8:16  Stalker  
  121  8:23  Stalker x3  
  125  8:33  Stalker  
  120  8:40  Disruptor (Chrono Boost)  
  112  8:48  Probe  
  109  8:49  Probe, Stalker  
  109  8:51  Probe  
  109  8:52  Assimilator x2  
  113  8:57  Protoss Ground Weapons Level 2 (Chrono Boost)  
  113  9:00  Probe  
  115  9:06  Photon Cannon  
  115  9:07  Stalker  
  116  9:17  Disruptor  
  117  9:36  Stalker x4  
  125  9:46  Probe x2  
  125  9:49  Pylon  
  125  9:50  Nexus  
  125  9:51  Pylon  
  119  9:52  Pylon  
  119  9:53  Pylon  
  119  9:56  Pylon  
  119  9:58  Pylon  
  119  10:00  Gateway  
  119  10:05  Gateway, Stalker x3  
  125  10:08  Shield Battery  
  123  10:19  Stalker x2  
  123  10:20  Disruptor (Chrono Boost), Stalker  
  124  10:39  Photon Cannon  
  124  10:40  Photon Cannon  
  124  10:41  Shield Battery  
  124  10:51  Probe x3  
  124  10:53  Disruptor (Chrono Boost)  
  123  11:08  Zealot x2, Dark Templar x5  
  123  11:09  Zealot  
  123  11:21  Disruptor  
  123  11:24  Probe  
  125  11:31  Assimilator  
  113  11:40  Archon  
  113  11:45  Stalker x8  
  123  11:47  Probe  
  123  11:48  Assimilator  
  124  11:55  Probe  
  124  11:57  Disruptor (Chrono Boost)  
  122  12:09  Stalker x8  
  122  12:11  Probe  
  122  12:12  Probe  
  140  12:16  Probe  
  140  12:18  Probe  
Show
View Real Time Build Order
Export as new Build Order

Bly Zerg 

Build Orders: Hatch First 

Get SALT Encoding   

  12  0:00  Drone  
  13  0:12  Overlord  
  13  0:17  Drone  
  14  0:30  Drone x2  
  16  0:45  Drone  
  16  0:47  Drone  
  18  1:00  Hatchery  
  17  1:21  Drone  
  17  1:22  Spawning Pool, Drone  
  17  1:23  Extractor  
  17  1:28  Drone  
  18  1:47  Hatchery  
  18  1:49  Drone  
  18  1:52  Drone  
  19  2:03  Drone  
  20  2:09  Queen  
  20  2:14  Queen  
  24  2:24  Drone x3  
  24  2:29  Zergling x2  
  28  2:33  Overlord  
  28  2:39  Metabolic Boost  
  28  2:56  Hatchery  
  27  3:00  Zergling x2  
  27  3:02  Drone x2  
  30  3:06  Drone x2  
  30  3:09  Zergling x2  
  34  3:20  Drone x3  
  35  3:31  Overlord  
  35  3:32  Drone x2  
  36  3:47  Overlord  
  35  3:55  Lair  
  35  3:57  Drone  
  35  3:58  Drone x7  
  43  4:05  Queen  
  43  4:20  Drone x7  
  50  4:29  Roach Warren  
  50  4:31  Zergling x8  
  51  4:35  Extractor  
  51  4:36  Extractor  
  51  4:41  Drone x3  
  54  4:48  Overlord  
  54  5:01  Overseer  
  54  5:02  Overlord x3  
  54  5:03  Queen x2  
  54  5:06  Queen  
  60  5:07  Spore Crawler  
  60  5:08  Spore Crawler  
  58  5:18  Roach x4  
  66  5:24  Overlord  
  57  5:35  Drone  
  57  5:36  Drone x6  
  57  5:41  Drone  
  65  5:43  Extractor  
  64  5:51  Drone x5  
  64  5:52  Drone  
  70  6:00  Glial Reconstitution  
  70  6:04  Spire  
  70  6:10  Drone x5  
  69  6:14  Roach x2  
  73  6:23  Drone x5  
  78  6:27  Overlord  
  78  6:35  Roach x2  
  78  6:36  Roach x2  
  86  6:42  Overlord  
  86  6:48  Spore Crawler  
  85  7:04  Overseer  
  85  7:19  Mutalisk x7  
  85  7:21  Extractor, Overlord  
  85  7:22  Zergling x12, Extractor  
  103  7:35  Overlord x3  
  101  7:50  Overlord  
  101  7:52  Overlord x2  
  99  7:59  Ravager x6  
  99  8:00  Zergling x14  
  99  8:01  Queen x2  
  118  8:06  Hatchery  
  118  8:08  Roach x2  
  118  8:09  Roach  
  120  8:18  Roach x4  
  126  8:20  Ravager  
  124  8:27  Roach x4  
  110  8:59  Roach x7  
  124  9:04  Hatchery  
  124  9:07  Drone  
  121  9:35  Roach x10  
  121  9:38  Infestation Pit  
  118  9:50  Roach x8  
  105  10:00  Ravager x3  
  105  10:05  Roach x4  
  110  10:08  Zergling x2  
  110  10:09  Zergling x2  
  102  10:28  Roach x8  
  102  10:33  Extractor  
  115  10:45  Roach  
  115  10:46  Roach x5  
  127  10:56  Roach x2  
  94  11:11  Roach x2  
  94  11:17  Roach x7  
  106  11:19  Overseer  
  82  11:50  Roach x5, Hatchery  
  90  12:05  Mutalisk  
  90  12:06  Mutalisk x3  
Tags
 
Add a new tag
Caveats
  • Supply blocks, unpowered buildings, or Contaminate may cause inaccurate times.
  • Supply counts are checked every 10 seconds.